 Dungeon Crawl Stone Soup version 0.20.1-1-g8b1a95d66d (webtiles) character file.

408 Ivernyr the Archer (level 6, -8/51 HPs)
             Began as a Centaur Hunter on Dec 10, 2017.
             Shot with an arrow by a centaur (15 damage)
             ... on level 4 of the Dungeon.
             The game lasted 00:15:45 (5358 turns).

Ivernyr the Archer (Centaur Hunter)                 Turns: 5358, Time: 00:15:45

Health: -8/51      AC:  4    Str: 15    XL:     6   Next: 57%
Magic:  6/6        EV: 10    Int: 10    God:
Gold:   300        SH:  0    Dex: 11    Spells: 5/5 levels left

rFire    . . .     SeeInvis .   a - +1 shortbow
rCold    . . .     Gourm    .   (shield currently unavailable)
rNeg     + . .     Faith    .   (no armour)
rPois    +         Spirit   .   (no helmet)
rElec    .         Reflect  .   (no cloak)
rCorr    .         Harm     .   h - +0 pair of gloves
MR       .....                  (no barding)
Stlth    +.........             (no amulet)
Regen    0.2/turn               n - ring of positive energy
MPRegen  0.1/turn               q - ring of poison resistance

@: very quick
A: hooves 3, deformed body, speed 2, tough skin 3
a: no special abilities


You were on level 4 of the Dungeon.
You were hungry.

You visited 2 branches of the dungeon, and saw 5 of its levels.
You also visited: Sewer.

You collected 300 gold pieces.

Inventory:

Hand Weapons
 a - a +1 shortbow (weapon)
Missiles
 d - 45 arrows (quivered)
Armour
 h - a +0 pair of gloves (worn)
Jewellery
 n - a ring of positive energy (left hand)
 q - a ring of poison resistance (right hand)
 u - a +4 ring of intelligence
Scrolls
 c - a scroll of blinking {unknown}
 e - a scroll of remove curse {unknown}
 i - 6 scrolls of identify {unknown}
 l - 3 scrolls of teleportation {unknown}
 m - 4 scrolls of immolation {unknown}
 p - a scroll of recharging {unknown}
 t - a scroll of fear {unknown}
 w - a scroll of enchant armour {unknown}
Potions
 b - 2 potions of lignification {unknown}
 g - 3 potions of mutation {unknown}
 k - a potion of haste {unknown}
 r - a potion of curing {unknown}
 s - a potion of invisibility {unknown}
 v - 2 potions of agility {unknown}
 x - a potion of heal wounds {unknown}
Comestibles
 f - 4 bread rations
 j - 2 royal jellies
 o - 4 meat rations


   Skills:
 + Level 3.4 Fighting
 * Level 8.0 Bows
 + Level 2.5 Dodging
 - Level 0.4 Stealth
 + Level 2.7 Unarmed Combat


You had 5 spell levels left.
You didn't know any spells.

Dungeon Overview and Level Annotations

Branches:
Dungeon (4/15)             Temple (1/1) D:4

Altars:
Ashenzari
Cheibriados
Dithmenos
Elyvilon
Fedhas
Gozag
Hepliaklqana
Makhleb
Nemelex Xobeh
Ru
Trog
Uskayaw
Zin
The Shining One


Innate Abilities, Weirdness & Mutations

You have hooves in place of feet.
Armour fits poorly on your strangely shaped body.
You cover ground very quickly.
You have extremely tough skin. (AC +3)


Message History

Press: ? - help, Shift-Dir - straight line, f/p - centaur
Aim: a centaur, wielding a shortbow (heavily wounded)
You shoot an arrow. The arrow barely misses the centaur.
The centaur shoots an arrow.
The arrow hits you.
Firing (i - inventory):
d - 47 arrows (quivered)
Press: ? - help, Shift-Dir - straight line, f/p - centaur
Aim: a centaur, wielding a shortbow (heavily wounded)
You shoot an arrow. The arrow barely misses the centaur.
The centaur shoots an arrow.
The arrow hits you!
* * * LOW HITPOINT WARNING * * *
An ooze comes into view.
Firing (i - inventory):
d - 46 arrows (quivered)
Press: ? - help, Shift-Dir - straight line, f/p - centaur
Aim: a centaur, wielding a shortbow (heavily wounded)
You shoot an arrow. The ooze quivers.
The arrow hits the centaur but does no damage.
The centaur is heavily wounded.
The centaur shoots an arrow.
The arrow hits you!
You die...

#.#...#.. #.....(.
....c.J ..... #...#
... ###.#####
#..@....# #.##.##.#
#.##.##.# #.#..##.#
##.#.###.# ###
#......#.# ...
#........#
#.#####.##.#.####
...#.....#.##......#


You could see a centaur and an ooze.

Vanquished Creatures
  A bullfrog (Sewer)
  A howler monkey (D:4)
  13 adders
  6 oozes (Sewer)
  3 worms
  A dart slug (D:3)
  16 leopard geckos
  An orc (D:3)
  6 ball pythons
  6 bats
  29 giant cockroaches
  8 goblins
  3 hobgoblins
  8 jackals
  18 frilled lizards
  12 kobolds
  8 rats
  A bush (D:1)
141 creatures vanquished.

Vanquished Creatures (others)
  2 plants (D:1)
2 creatures vanquished.

Grand Total: 143 creatures vanquished

Notes
Turn   | Place    | Note
-------+----------+-------------------------------------------
     0 | D:1      | Ivernyr the Centaur Hunter began the quest for the Orb.
     0 | D:1      | Reached XP level 1. HP: 17/17 MP: 1/1
   169 | D:1      | Reached XP level 2. HP: 9/24 MP: 2/2
  1335 | D:1      | Reached skill level 1 in Unarmed Combat
  1873 | D:1      | Reached XP level 3. HP: 29/29 MP: 3/3
  2080 | D:2      | Reached skill level 6 in Bows
  2132 | D:2      | Found a snail-covered altar of Cheibriados.
  2132 | D:2      | Found a sparkling altar of Nemelex Xobeh.
  2152 | D:2      | Found a burning altar of Makhleb.
  2451 | D:2      | Reached XP level 4. HP: 37/37 MP: 4/4
  2624 | D:3      | Found a faded altar of an unknown god.
  3431 | D:4      | Found a glowing silver altar of Zin.
  3505 | D:4      | Reached XP level 5. HP: 42/42 MP: 5/5
  3515 | D:4      | Found a glowing drain.
  3525 | Sewer    | Entered a sewer
  3778 | Sewer    | Reached skill level 7 in Bows
  4342 | Sewer    | Reached XP level 6. HP: 48/51 MP: 6/6
  4916 | D:4      | Found a staircase to the Ecumenical Temple.
  4924 | Temple   | Entered the Ecumenical Temple
  5180 | D:4      | Reached skill level 8 in Bows
  5302 | D:4      | Found a shattered altar of Ashenzari.
  5358 | D:4      | Shot with an arrow by a centaur

Skill      XL: |  1  2  3  4  5  6 |
---------------+-------------------+-----
Unarmed Combat | 1 2 |  2.7
Bows           | 6 7 8 |  8.0
Dodging        | 2 |  2.5
Fighting       | 3 |  3.4
Stealth        | |  0.4

Action                   |  1- 3 |  4- 6 || total
-------------------------+-------+-------++-------
Melee: Unarmed           |   309 |   227 ||   536
       Kick              |    99 |    52 ||   151
       Punch             |     3 |     2 ||     5
 Fire: Shortbow          |    16 |    60 ||    76
  Eat: Chunk             |     4 |     8 ||    12
Armor: Leather armour    |    68 |    31 ||    99
       Skin              |       |    61 ||    61
Dodge: Dodged            |    94 |   119 ||   213
